 Dungeon Crawl Stone Soup version 0.31-a0-844-gdc52ec4 (webtiles) character file.

Game seed: 1342438099749851158

667942 BarneyGumball the Ruinous (level 27, -8/208 HPs)
             Began as a Deep Elf Conjurer on Sept 27, 2023.
             Was the Champion of Vehumet.
             Killed from afar by a hellion (19 damage)
             ... with damnation
             ... on level 22 of a ziggurat on Sept 28, 2023.
             The game lasted 06:06:44 (82464 turns).

BarneyGumball the Ruinous (Deep Elf Conjurer)      Turns: 82464, Time: 06:06:44

Health: -8/208     AC: 34    Str:  8    XL:     27
Magic:  33/60      EV: 24    Int: 38    God:    Vehumet [******]
Gold:   4574       SH: 18    Dex: 16    Spells: 17/70 levels left

rFire   + + .        t - +3 Elemental Staff {ele, rElec rF+ rC+ AC+3}
rCold   + + +        y - +4 kite shield of Hairiness {rF- rC+ Will++ Int+2 Dex+3}
rNeg    + + .        (body armour currently unavailable)
rPois   ∞            s - -2 hat of the Alchemist {rElec rPois rF+ rC+ rN+ Will+ rMut rCorr}
rElec   +            l - scarf {repulsion}
rCorr   +            (gloves currently unavailable)
SInv    +            (boots currently unavailable)
Will    +++++        h - amulet of magic regeneration
Stlth   +++          a - ring of Dusenk {rF+ EV+5 Str+2 SInv Stlth+}
HPRegen 0.54/turn    W - ring of magical power
MPRegen 0.77/turn

%: repel missiles, resist mutation
@: statue-form, studying 2 skills, very slow
A: slow and powerful, torment resistance 1, boosted hp
}: 3/15 runes: decaying, silver, gossamer
a: Begin Untransformation, Renounce Religion


You were on level 22 of a ziggurat.
You worshipped Vehumet.
Vehumet was exalted by your worship.
You were a living statue of rough stone.
You visited 9 branches of the dungeon, and saw 44 of its levels.
You visited 1 ziggurat, and saw 22 of its levels.

You collected 7441 gold pieces.
You spent 2867 gold pieces at shops.

Inventory:

Hand Weapons
 r - the +7 mace of Variability {chaos, chaos arc}
   (You found it on level 20 of a ziggurat)
 t - the +3 Elemental Staff (weapon) {ele, rElec rF+ rC+ AC+3}
   (You found it on level 12 of a ziggurat)

   AC+3:      It affects your AC (+3).
   rF+:       It protects you from fire.
   rC+:       It protects you from cold.
   rElec:     It insulates you from electricity.
 K - the +4 consecrated labrys {holy, Valiant Fragile Fly SInv}
   (You found it on level 15 of a ziggurat)

   Valiant:   It becomes more powerful as more dangerous foes come into view.
   SInv:      It lets you see invisible.
   Fly:       It grants you flight.
   Fragile:   It will be destroyed if unequipped.
 S - the +3 greatsling "Punk" {acid, rCorr}
   (You found it on level 16 of a ziggurat)

   rCorr:     It protects you from acid and corrosion.
 V - the +8 longbow "Zephyr" {speed, Dex+3 SInv}
   (You found it on level 15 of a ziggurat)

   Dex+3:     It affects your dexterity (+3).
   SInv:      It lets you see invisible.
Missiles
 E - 7 silver javelins
Armour
 l - a scarf of repulsion (worn)
 s - the -2 hat of the Alchemist (worn) {rElec rPois rF+ rC+ rN+ Will+ rMut rCorr}
   (You found it on level 16 of a ziggurat)

   rF+:       It protects you from fire.
   rC+:       It protects you from cold.
   rElec:     It insulates you from electricity.
   rPois:     It protects you from poison rN+: It protects you from negative
   energy.
   Will+:     It increases your willpower.
   rCorr:     It protects you from acid and corrosion.
   rMut:      It protects you from mutation.
 y - the +4 kite shield of Hairiness (worn) {rF- rC+ Will++ Int+2 Dex+3}
   (You acquired it on level 2 of the Spider Nest)

   Int+2:     It affects your intelligence (+2).
   Dex+3:     It affects your dexterity (+3).
   rF-:       It makes you vulnerable to fire.
   rC+:       It protects you from cold.
   Will++:    It greatly increases your willpower.
 G - an orb of mayhem
 Y - the +3 ring mail of the Ward {rF+ rN+}
   (You found it on level 12 of a ziggurat)

   rF+:       It protects you from fire.
   rN+:       It protects you from negative energy.
Jewellery
 a - the ring of Dusenk (left fist) {rF+ EV+5 Str+2 SInv Stlth+}
   (You found it on level 21 of a ziggurat)

   [ring of evasion]

   EV+5:      It affects your evasion (+5).
   Str+2:     It affects your strength (+2).
   rF+:       It protects you from fire.
   SInv:      It lets you see invisible.
   Stlth+:    It makes you more stealthy.
 g - the amulet "Vayropis" {rC+ Will++ Regen+}
   (You found it on level 13 of a ziggurat)

   [amulet of regeneration]

   rC+:       It protects you from cold.
   Will++:    It greatly increases your willpower.
   Regen+:    It increases your rate of health regeneration.
 h - an amulet of magic regeneration (around neck)
 I - the ring "Edeweff" {rF+ Str+3 Int+3}
   (You found it on level 19 of a ziggurat)

   [ring of protection from fire]

   Str+3:     It affects your strength (+3).
   Int+3:     It affects your intelligence (+3).
   rF+:       It protects you from fire.
 W - a ring of magical power (right fist)
 X - the ring of the Firefly {Wiz rN+ Int+3}
   (You found it on level 16 of a ziggurat)

   [ring of wizardry]

   Wiz:       It improves your spell success rate.
   Int+3:     It affects your intelligence (+3).
   rN+:       It protects you from negative energy.
Talismans
 P - a granite talisman (active)
Wands
 n - a wand of mindburst (95)
 H - a wand of paralysis (50)
 M - a wand of polymorph (45)
 N - a wand of digging (7)
 O - a wand of light (40)
Scrolls
 c - 10 scrolls of enchant weapon
 f - 7 scrolls of poison
 j - 12 scrolls of fog
 k - 2 scrolls of acquirement
 m - 8 scrolls of vulnerability
 p - 9 scrolls of fear
 u - 16 scrolls of teleportation
 w - 6 scrolls of enchant armour
 C - 10 scrolls of silence
 F - 4 scrolls of blinking
 J - a scroll of summoning
 L - 16 scrolls of revelation
 Q - 13 scrolls of amnesia
 T - 5 scrolls of immolation
Potions
 b - a potion of brilliance
 d - 5 potions of cancellation
 e - 7 potions of enlightenment
 i - 4 potions of heal wounds
 o - a potion of invisibility
 q - 3 potions of resistance
 v - 17 potions of mutation
 x - 8 potions of attraction
 z - 6 potions of lignification
 A - 9 potions of ambrosia
 B - 24 potions of curing
 U - a potion of haste
Miscellaneous
 D - a phantom mirror
 Z - a lightning rod (4/4)


   Skills:
 - Level 13.1 Fighting
 - Level 4.0 Throwing
 - Level 15.1 Dodging
 - Level 2.4 Stealth
 - Level 15.0 Shields
 - Level 22.0 Spellcasting
 - Level 25.0 Conjurations
 - Level 6.0 Hexes
 - Level 5.0 Translocations
 - Level 5.0 Transmutations
 + Level 19.6 Fire Magic
 - Level 22.0 Air Magic
 - Level 10.2 Earth Magic
 - Level 8.0 Evocations
 + Level 21.2 Shapeshifting


You had 17 spell levels left.
You knew the following spells:

 Your Spells              Type           Power      Damage    Failure   Level
a - Bombard               Conj/Erth      66%        9d11      1%          6
b - Orb of Destruction    Conj           62%        9d15      1%          7
c - Iskenderun's Mystic   Conj/Tloc      100%       2d19      1%          4
d - Fulminant Prism       Conj/Hex       51%        3d22      0%          4
e - Searing Ray           Conj           100%       2d8       0%          2
f - Magic Dart            Conj           100%       1d8       0%          1
g - Arcjolt               Conj/Air       73%        1d83      0%          5
h - Blink                 Tloc           100%       N/A       1%          2
i - Yara's Violent Unrav  Hex/Tmut       35%        3d14      1%          5
j - Chain Lightning       Conj/Air       73%        3d97      2%          9
k - Ignition              Fire           68%        3d18      1%          8

Your spell library contained the following spells:

 Spells                   Type           Power      Damage    Failure   Level
 Shatter                  Erth           54%        3d41*     99%         9
 Foxfire                  Conj/Fire      100%       2x1d9     0%          1
 Kiss of Death            Conj/Necr      100%       2d13      0%          1
 Sandblast                Erth           100%       2d20      0%          1
 Shock                    Conj/Air       100%       1d9       0%          1
 Momentum Strike          Conj/Tloc      100%       3d10      0%          2
 Poisonous Vapours        Pois/Air       100%       N/A       0%          2
 Scorch                   Fire           100%       2d9       0%          2
 Static Discharge         Conj/Air       100%       2-7/arc   0%          2
 Dazzling Flash           Conj/Hex       100%       N/A       0%          3
 Inner Flame              Hex/Fire       100%       N/A       0%          3
 Mephitic Cloud           Conj/Pois/Air  100%       N/A       0%          3
 Stone Arrow              Conj/Erth      100%       3d13      0%          3
 Swiftness                Air            100%       N/A       0%          3
 Airstrike                Air            71%        2d(11-27) 0%          4
 Brom's Barrelling Bould  Conj/Erth      100%       2d11      0%          4
 Flame Wave               Conj/Fire      100%       2d21      0%          4
 Sticky Flame             Conj/Fire      100%       2d11      0%          4
 Fireball                 Conj/Fire      71%        3d27      0%          5
 Iskenderun's Battlesphe  Conj           100%       2d15      0%          5
 Conjure Ball Lightning   Conj/Air       73%        3x3d27    0%          6
 Starburst                Conj/Fire      71%        6d18      0%          6
 Apportation              Tloc           100%       N/A       1%          1
 Freeze                   Ice            100%       1d10      1%          1
 Necrotise                Necr           100%       1d9       1%          1
 Sting                    Tmut/Pois      100%       1d8       1%          1
 Summon Small Mammal      Summ           100%       N/A       1%          1
 Call Imp                 Summ           82%        N/A       1%          2
 Cigotuvi's Dreadful Rot  Necr/Pois/Air  100%       N/A       1%          2
 Ensorcelled Hibernation  Hex/Ice        100%       N/A       1%          2
 Jinxbite                 Hex            100%       N/A       1%          2
 Lesser Beckoning         Tloc           100%       N/A       1%          2
 Passwall                 Tmut/Erth      82%        N/A       1%          2
 Wereblood                Tmut           68%        N/A       1%          2
 Confusing Touch          Hex            72%        N/A       1%          3
 Frozen Ramparts          Ice            100%       1d16      1%          3
 Gell's Gravitas          Tloc           68%        N/A       1%          3
 Hailstorm                Conj/Ice       100%       3d20      1%          3
 Ignite Poison            Fire/Tmut/Pois 100%       N/A       1%          3
 Summon Guardian Golem    Hex/Summ       59%        N/A       1%          3
 Teleport Other           Tloc           68%        N/A       1%          3
 Tukima's Dance           Hex            72%        N/A       1%          3
 Volatile Blastmotes      Fire/Tloc      100%       2d18      1%          3
 Animate Armour           Summ/Erth      100%       N/A       1%          4
 Dimensional Bullseye     Hex/Tloc       35%        N/A       1%          4
 Manifold Assault         Tloc           68%        N/A       1%          4
 Petrify                  Tmut/Erth      99%        N/A       1%          4
 Summon Lightning Spire   Summ/Air       100%       N/A       1%          4
 Vhi's Electric Charge    Tloc/Air       100%       N/A       1%          4
 Freezing Cloud           Conj/Ice/Air   76%        6-21      1%          5
 Silence                  Hex/Air        61%        N/A       1%          5
 Plasma Beam              Fire/Air       83%        2x1d101   1%          6
 Spellforged Servitor     Conj/Summ      47%        N/A       1%          7
 Lehudib's Crystal Spear  Conj/Erth      66%        10d15     1%          8
 Maxwell's Capacitive Co  Air            71%        ∞         1%          8
 Call Canine Familiar     Summ           41%        N/A       4%          3
 Ozocubu's Armour         Ice            58%        N/A       4%          3
 Anguish                  Hex/Necr       29%        N/A       4%          4
 Olgreb's Toxic Radiance  Pois           41%        N/A       4%          4
 Borgnjor's Vile Clutch   Necr/Erth      44%        N/A       4%          5
 Fire Storm               Conj/Fire      71%        8d18      4%          9
 Metabolic Englaciation   Hex/Ice        38%        N/A       11%         5
 Summon Mana Viper        Hex/Summ       59%        N/A       11%         5
 Animate Dead             Necr           41%        N/A       14%         4
 Dispel Undead            Necr           41%        3d16      14%         4
 Summon Ice Beast         Ice/Summ       58%        N/A       14%         4
 Alistair's Intoxication  Tmut/Pois      38%        N/A       14%         5
 Summon Forest            Summ/Tloc      28%        N/A       14%         5
 Eringya's Noxious Bog    Tmut/Pois      28%        4d6       19%         6
 Dispersal                Tloc           34%        N/A       26%         6
 Agony                    Necr           41%        N/A       36%         5
 Enfeeble                 Hex            36%        N/A       69%         7
 Death Channel            Necr           20%        N/A       91%         6
 Simulacrum               Ice/Necr       29%        N/A       91%         6
 Summon Cactus Giant      Summ           20%        N/A       91%         6
 Malign Gateway           Summ/Tloc      28%        N/A       99%         7
 Monstrous Menagerie      Summ           20%        N/A       100%        7
 Summon Hydra             Summ           20%        N/A       100%        7
 Discord                  Hex            36%        N/A       100%        8
 Disjunction              Tloc           34%        N/A       100%        8
 Infestation              Necr           20%        N/A       100%        8
 Summon Horrible Things   Summ           20%        N/A       100%        8
 Death's Door             Necr           20%        N/A       100%        9
 Dragon's Call            Summ           20%        N/A       100%        9
 Sublimation of Blood     Necr           Unusable   N/A       N/A         2

Dungeon Overview and Level Annotations

Branches:
Dungeon (15/15)            Temple (1/1) D:6            Lair (5/5) D:10
  Swamp (4/4) Lair:2       Spider (4/4) Lair:2        Slime (0/5) Lair:5
    Orc (2/2) D:9             Elf (0/3) Orc:2        Vaults (5/5) D:13
  Crypt (0/3) Vaults:3     Depths (4/4) D:15            Zot (4/5) Depths:4

Altars:
Ashenzari
Cheibriados
Dithmenos
Elyvilon
Fedhas
Gozag
Hepliaklqana
Kikubaaqudgha
Makhleb
Nemelex Xobeh
Okawaru
Qazlal
Ru
Sif Muna
Trog
Uskayaw
Vehumet
Wu Jian
Xom
Yredelemnul
Zin
The Shining One
Jiyva

Shops:
D:8 (   D:9 (   D:12 :   Orc:2 *(?=   Vaults:1 *=?   Vaults:3 [   Vaults:4 [
Depths:2 (:

Portals:
Hell: Depths:1 Depths:2 Depths:3 Depths:4
Abyss: Depths:1 Depths:3
Pandemonium: Orc:2 Depths:2

Annotations:
D:2 Jessica
Lair:3 1 runed translucent door, exclusion: door, BarneyGumball's ghost, journeyman OpEE
Swamp:3 1 runed translucent door, exclusion: door, witwit's ghost, adept DrSh
Vaults:4 2 transporters, arghonaut's ghost, veteran MfMo
Zot:4 3 runed translucent doors, exclusions: 2 doors and obsidian statue, Kave's ghost, legendary TrSh


Message History

The bolt of lightning hits the blizzard demon!
The blizzard demon resists.
The blizzard demon is moderately wounded.
The bolt of lightning hits the blizzard demon!!
The blizzard demon resists.
You kill the blizzard demon!
Vehumet accepts your kill.
You feel your power returning.
The bolt of lightning hits the blizzard demon!
The blizzard demon resists.
The blizzard demon is lightly wounded.
The bolt of lightning hits the orange demon!!!
The orange demon is almost dead.
The bolt of lightning hits the reaper!!
The reaper is moderately wounded.
The bolt of lightning hits the demonspawn blood saint.
The demonspawn blood saint is lightly wounded.
You hear a shout!
The orange demon is no longer absorbing vital energies.
The blizzard demon gestures at you. The bolt of lightning misses you.
The blizzard demon waves its arms in wide circles.
The air twists around and strikes you.
A reaper comes into view. It is wielding a +2 scythe of flaming.
A demonspawn corrupter comes into view. It is wielding a +0 demon trident.
You hear a shout!
You feel much better. The blizzard demon gestures at you.
The bolt of lightning hits you. You resist.
* * * LOW HITPOINT WARNING * * *
The bolt of lightning hits you. You resist.
* * * LOW HITPOINT WARNING * * *
The hellion gestures at you.
The sphere of damnation explodes!
The damnation engulfs you!!
* * * LOW HITPOINT WARNING * * *
A blizzard demon comes into view.
The reaper completely misses you. The hellion gestures at you.
The sphere of damnation explodes!
The damnation engulfs you!!
You die...

.........○°○°.....▓▓
........2.#°.°....▓
....6. #)##...▓▓
.46..2 ......▓
....2.##)#...▓▓
.......2)#..▓
.....2.....▓
.........▓▓
.......8▓ .....▓▓▓▓
▓▓▓


You could see a demonspawn blood saint, a demonspawn corrupter, a reaper, 3
blizzard demons, an orange demon and a hellion (strong, resistant).

Vanquished Creatures
  6 ancient liches
  An orb of fire (Zot:3)
  Mara (Depths:1)
  7 juggernauts
  2 pandemonium lords
  Josephina (Zot:3)
  4 shard shrikes (Zig:17)
  Parghit (Zot:3)
  2 caustic shrikes
  2 curse toes
  Nikola (Depths:2)
  16 golden dragons
  Norris (Vaults:1)
  A bone dragon (Swamp:4)
  Arachne (Spider:4)
  A Brimstone Fiend (Zig:14)
  2 iron giants (Zig:11)
  An electric golem (Zot:4)
  4 Hell Sentinels
  16 tentacled monstrosities
  2 hellephants
  9 Ice Fiends
  A walking crystal tome (Depths:2)
  12 liches
  Zenata (Vaults:1)
  Asterion (Vaults:1)
  4 titans
  9 quicksilver dragons
  10 sphinxes
  A walking frostbound tome (Depths:3)
  2 deep elf master archers (Zig:13)
  3 acid blobs
  2 Executioners
  3 walking divine tomes
  Frances (D:14)
  3 deep elf blademasters
  7 ancient champions
  5 death cobs
  5 tentacled starspawn (Zig:19)
  13 storm dragons
  10 tengu reavers
  10 draconian monks
  8 shadow dragons
  Aizul (Vaults:1)
  6 draconian knights
  A fenstrider witch (Swamp:4)
  15 frost giants
  4 quicksilver elementals (Zig:11)
  2 demonspawn warmongers (Zig:22)
  23 vault wardens
  8 narguns
  A deep elf sorcerer (Zig:9)
  9 revenants
  8 iron dragons
  7 fire giants
  7 balrugs
  6 emperor scorpions
  7 draconian scorchers
  5 curse skulls
  7 draconian shifters
  18 ghost moths
  6 orc warlords
  7 demonspawn corrupters
  4 demonspawn blood saints
  2 cacodemons (Zig:14)
  3 ghouls
  23 stone giants
  9 ironbound preservers
  4 reapers
  6 draconian annihilators
  A spriggan defender (Depths:4)
  7 broodmothers
  3 war gargoyles
  7 draconian stormcallers
  24 very ugly things
  11 black draconians
  3 formless jellyfish
  7 eleionomae
  Nessos (Orc:2)
  13 vampire knights
  17 green draconians
  6 ironbound thunderhulks
  2 deep elf demonologists
  11 spark wasps
  6 demonspawn black suns
  8 yellow draconians
  14 dire elephants
  A lorocyproca (Zig:14)
  2 wendigos (Zig:17)
  14 white draconians
  Azrael (D:15)
  13 red draconians
  11 purple draconians
  A spark wasp (shapeshifter) (Vaults:4)
  2 iron golems (Zig:11)
  A bunyip (Swamp:4)
  6 eidola
  Snorg (Orc:1)
  2 deep elf annihilators
  3 crystal guardians (Vaults:4)
  4 blizzard demons
  A merfolk javelineer (Depths:2)
  5 deep elf death magi
  A green death (Zig:22)
  16 ettins
  14 entropy weavers
  8 great orbs of eyes
  15 fire dragons
  10 yaktaur captains
  30 vault guards
  6 jiangshi
  Fannar (Lair:1)
  Harold (Lair:2)
  3 rakshasas (Depths:1)
  A ghost crab (Swamp:1)
  6 spriggan air magi
  3 hell beasts (Zig:22)
  3 jorogumos
  6 ice dragons
  3 peacekeepers
  13 hydras
  14 ironbound frosthearts
  10 centaur warriors
  8 radroaches
  19 alligators
  10 boulder beetles
  3 ogre magi
  A demonspawn (Orc:2)
  A catoblepas (Lair:5)
  A merfolk aquamancer (Zig:9)
  15 two-headed ogres
  6 dancing weapons
  8 death yaks (Lair:5)
  5 tengu warriors
  14 deep troll earth magi
  7 vampire magi
  13 demonic crawlers
  3 thrashing horrors (Zig:19)
  7 orc high priests
  14 deep troll shamans
  7 spriggan berserkers
  A soul eater (Zig:10)
  Sonja (Orc:1)
  8 deep elf knights
  4 wretched stars (Zig:19)
  A sixfirhy (Zig:19)
  Nergalle (Orc:1)
  2 sun demons
  Amaemon (Lair:1)
  6 skysharks
  13 spriggans
  13 hell knights
  5 shadow wraiths
  4 skeletal warriors (D:12)
  2 goliath frogs
  2 sun moths
  A swamp dragon (shapeshifter) (Depths:4)
  A death drake (Swamp:4)
  A spatial maelstrom (Zig:19)
  19 pharaoh ants
  16 iron trolls
  A spark wasp zombie (Depths:1)
  3 glowing orange brains
  8 bog bodies
  A deep troll (shapeshifter) (Vaults:5)
  6 spriggan druids
  5 flayed ghosts
  14 orb spiders
  Pikel (D:8)
  A shadow demon (Depths:2)
  2 spectral hydras (Swamp:4)
  2 spriggan simulacra
  7 swamp dragons
  40 deep trolls
  7 harpies
  3 obsidian statues (Zig:7)
  17 steelbarb worms
  7 deep elf pyromancers
  15 orc knights
  7 phantasmal warriors
  8 lindwurms
  A sphinx simulacrum (Vaults:2)
  4 alligator zombies (Swamp:4)
  8 necromancers
  5 starcursed masses (Zig:19)
  12 wizards
  11 ironbound convokers
  A wolf spider (shapeshifter) (Depths:4)
  15 orc sorcerers
  25 wolf spiders
  7 deep elf zephyrmancers
  3 deep elf archers (Zig:13)
  38 ugly things
  29 moths of wrath
  A cyclops (shapeshifter) (Depths:2)
  4 will-o-the-wisps
  20 elephants
  A worldbinder (Zig:19)
  2 manticores
  Maurice (D:8)
  Joseph (D:8)
  14 vault sentinels
  4 cyclopes
  A guardian serpent (Depths:2)
  20 cane toads
  An ice statue (Zig:7)
  A water nymph (shapeshifter) (Depths:4)
  6 black mambas
  4 smoke demons (Zig:19)
  2 naga magi (Zig:9)
  A guardian serpent (shapeshifter) (Vaults:5)
  4 centaur skeletons (D:15)
  A yaktaur (shapeshifter) (D:14)
  3 hellions
  2 unseen horrors (Depths:1)
  An orange demon (Lair:1)
  18 torpor snails
  6 rime drakes
  4 swamp worm zombies (Swamp:4)
  8 komodo dragons
  A kobold demonologist (D:12)
  Psyche (D:8)
  43 yaktaurs
  5 tormentors
  3 freezing wraiths
  4 tengu conjurers
  An anaconda simulacrum (Spider:4)
  5 ice devils
  2 ghost moth simulacra (Zot:3)
  4 ancient zymes (Zig:19)
  A golden dragon simulacrum (Zot:3)
  2 hydra zombies (Swamp:4)
  8 meliai
  13 trolls
  5 polar bears
  A red devil (Depths:2)
  2 hellwings
  5 bloated husks
  35 tarantellas
  9 large abominations
  A yaktaur skeleton (Vaults:2)
  12 tyrant leeches
  11 hornets
  4 spectral swamp dragons (Swamp:4)
  19 blink frogs
  Prince Ribbit (D:8)
  A raiju (shapeshifter) (Vaults:5)
  2 raiju (Zig:19)
  A draconian simulacrum (Zot:3)
  30 slime creatures
  A culicivora (shapeshifter) (D:15)
  5 air elementals (Zig:13)
  32 jumping spiders
  5 water elementals
  29 culicivoras
  A dire elephant simulacrum (Spider:4)
  3 vampires
  41 yaks
  9 wyverns
  3 ynoxinuls
  8 small abominations (Depths:1)
  6 wraiths
  2 chaos spawn
  A fire bat (shapeshifter) (D:14)
  3 basilisks
  4 fire elementals
  A golden eye (shapeshifter) (D:14)
  59 redbacks
  3 steam dragons
  13 vampire mosquitoes
  4 neqoxecs
  7 wargs
  22 swamp worms
  3 acid dragons
  22 water moccasins
  A hell hound (D:15)
  A floating eye (Depths:4)
  2 ice beasts
  45 orc warriors
  A moth of wrath simulacrum (Zot:3)
  5 swamp dragon zombies (Swamp:4)
  2 black bears
  15 ogres
  An ettin simulacrum (Vaults:2)
  14 wolves
  17 centaurs
  2 phantoms
  A lemure (D:8)
  4 kobold brigands
  13 bullfrogs
  3 deep troll simulacra (Spider:4)
  3 gnoll sergeants
  An earth elemental (Zig:8)
  2 human skeletons (Vaults:2)
  A human simulacrum (Depths:1)
  6 scorpions
  13 wights
  15 killer bees
  2 lindwurm simulacra (Spider:4)
  4 howler monkeys
  6 electric eels
  A lava snake (Zig:20)
  2 hounds
  2 jellies
  2 gnoll boudas
  27 orc priests
  3 iguanas
  21 orc wizards
  A spectral swamp drake (Swamp:4)
  A hell rat (Zig:15)
  A mummy (D:4)
  11 adders
  29 gnolls
  A swamp drake zombie (Swamp:4)
  A shadow imp (D:3)
  2 white imps
  An ufetubus (D:7)
  A worm (D:2)
  72 orcs
  6 endoplasms
  A giant cockroach (D:2)
  4 hobgoblins
  6 jackals
  2 quokkas (D:1)
  6 ball pythons
  5 bats
  2 frilled lizards
  12 goblins
  2 hobgoblin zombies (D:4)
  26 kobolds
  A kobold zombie (D:4)
  An orc zombie (D:4)
  6 rats
  2 starspawn tentacles (Zig:19)
2414 creatures vanquished.

Vanquished Creatures (others)
  A blizzard demon (Zig:22)
  A thrashing horror (Zig:19)
  A wolf spider (Zig:21)
  2 bloated husks
  5 phantoms (Swamp:4)
  A kobold brigand (D:8)
  An orc wizard (Orc:1)
  10 foxfires
  263 fulminant prisms
285 creatures vanquished.

Grand Total: 2699 creatures vanquished

Notes
Turn   | Place    | Note
-------+----------+-------------------------------------------
     0 | D:1      | BarneyGumball the Deep Elf Conjurer began the quest for the
                  | Orb.
     0 | D:1      | Reached XP level 1. HP: 10/10 MP: 6/6
   341 | D:1      | Reached skill level 1 in Translocations
   605 | D:1      | Reached XP level 2. HP: 15/15 MP: 6/8
   895 | D:2      | Noticed Jessica
  1327 | D:3      | Learned a level 2 spell: Searing Ray
  1360 | D:3      | Reached skill level 5 in Conjurations
  1360 | D:3      | Reached XP level 3. HP: 19/19 MP: 5/9
  1474 | D:3      | Got a vibrating book
  1478 | D:3      | Learned a level 2 spell: Blink
  1710 | D:3      | Reached XP level 4. HP: 24/24 MP: 2/10
  2334 | D:4      | Reached XP level 5. HP: 25/28 MP: 1/11
  2485 | D:4      | Reached skill level 6 in Conjurations
  3073 | D:4      | Learned a level 4 spell: Iskenderun's Mystic Blast
  3234 | D:4      | Found a hazy altar of Hepliaklqana.
  3328 | D:4      | Reached XP level 6. HP: 32/32 MP: 6/12
  3504 | D:4      | Reached skill level 1 in Shields
  3620 | D:5      | Entered Level 5 of the Dungeon
  3960 | D:5      | Reached skill level 5 in Translocations
  4050 | D:5      | Noticed a water moccasin
  4175 | D:5      | Reached skill level 7 in Conjurations
  4175 | D:5      | Reached XP level 7. HP: 36/36 MP: 8/13
  4964 | D:5      | Reached skill level 8 in Conjurations
  5227 | D:5      | Reached XP level 8. HP: 41/41 MP: 3/14
  5429 | D:5      | Reached skill level 9 in Conjurations
  6229 | D:6      | Reached skill level 10 in Conjurations
  6337 | D:6      | Reached skill level 1 in Fighting
  6418 | D:6      | Found a staircase to the Ecumenical Temple.
  6430 | Temple   | Entered the Ecumenical Temple
  6431 | Temple   | Upgraded the game from 0.31-a0-843-g427724c to
                  | 0.31-a0-844-gdc52ec4
  7301 | D:7      | Reached skill level 5 in Dodging
  7314 | D:7      | Reached XP level 9. HP: 51/51 MP: 1/15
  7566 | D:7      | Found a white marble altar of Elyvilon.
  7569 | D:7      | Found a sacrificial altar of Ru.
  7602 | D:7      | Reached skill level 1 in Hexes
  8303 | D:7      | Learned a level 4 spell: Fulminant Prism
  8564 | D:7      | Reached skill level 5 in Spellcasting
  8738 | D:7      | Found a shimmering blue altar of Sif Muna.
  8868 | D:8      | Found Rolojiy's Weapon Shop.
  8882 | D:8      | Found a shimmering altar of Xom.
  9072 | D:8      | Reached skill level 5 in Hexes
  9208 | D:8      | Found a radiant altar of Vehumet.
  9220 | D:8      | Became a worshipper of Vehumet
  9285 | D:8      | Noticed Prince Ribbit
  9292 | D:8      | Killed Prince Ribbit
  9495 | D:8      | Noticed a two-headed ogre
  9507 | D:8      | Killed a two-headed ogre
  9508 | D:8      | Reached XP level 10. HP: 34/58 MP: 2/24
  9667 | D:8      | Found a stormy altar of Qazlal.
  9675 | D:8      | Noticed Maurice
  9679 | D:8      | Maurice stole a +2 dagger of pain
  9683 | D:8      | Killed Maurice
  9950 | D:8      | Noticed Psyche
  9954 | D:8      | Killed Psyche
  9955 | D:8      | Reached skill level 5 in Fighting
 10406 | D:8      | Noticed Pikel
 10412 | D:8      | Killed Pikel
 10414 | D:8      | Reached * piety under Vehumet
 10414 | D:8      | Offered knowledge of Foxfire by Vehumet.
 10786 | D:8      | Noticed Joseph
 10798 | D:8      | Killed Joseph
 11051 | D:9      | Noticed a two-headed ogre
 11060 | D:9      | Killed a two-headed ogre
 11457 | D:9      | Reached XP level 11. HP: 67/67 MP: 13/25
 11498 | D:9      | Reached skill level 10 in Dodging
 11541 | D:9      | Offered knowledge of Scorch by Vehumet.
 11541 | D:9      | Reached ** piety under Vehumet
 11941 | D:9      | Found a staircase to the Orcish Mines.
 11960 | D:9      | Reached skill level 1 in Throwing
 11960 | D:9      | Reached skill level 1 in Evocations
 12221 | D:9      | Found Kumid's Weapon Boutique.
 12794 | D:10     | Entered Level 10 of the Dungeon
 13018 | D:10     | Noticed a two-headed ogre
 13023 | D:10     | Killed a two-headed ogre
 13055 | D:10     | Offered knowledge of Volatile Blastmotes by Vehumet.
 13301 | D:10     | Noticed a wizard
 13338 | D:10     | Identified the +3 battleaxe of Subjectivity {freeze, rElec
                  | rF+ rC-}
 13338 | D:10     | Noticed a wizard
 13390 | Orc:1    | Entered Level 1 of the Orcish Mines
 13390 | Orc:1    | Noticed Sonja
 13391 | Orc:1    | Noticed Snorg
 13449 | D:10     | Found a staircase to the Lair.
 13453 | D:10     | Reached *** piety under Vehumet
 13523 | D:10     | Noticed a centaur warrior
 13528 | Lair:1   | Entered Level 1 of the Lair of Beasts
 13742 | Lair:1   | Reached skill level 11 in Conjurations
 13744 | Lair:1   | Offered knowledge of Olgreb's Toxic Radiance by Vehumet.
 13758 | Lair:1   | Reached skill level 5 in Evocations
 13884 | Lair:1   | Learned a level 6 spell: Bombard
 14044 | Lair:1   | Reached skill level 1 in Earth Magic
 14532 | Lair:1   | Reached skill level 12 in Conjurations
 14547 | Lair:1   | Reached XP level 12. HP: 64/72 MP: 9/26
 14675 | Lair:1   | Reached **** piety under Vehumet
 14685 | Lair:1   | Noticed Amaemon
 14862 | Lair:1   | Killed Amaemon
 14863 | Lair:1   | Reached skill level 5 in Earth Magic
 14889 | Lair:1   | Offered knowledge of Airstrike by Vehumet.
 14895 | Lair:1   | Learned a level 4 spell: Airstrike
 15173 | Lair:1   | Noticed Fannar
 15572 | Lair:1   | Killed Fannar
 15773 | Lair:2   | Noticed Harold
 15866 | Lair:2   | Reached skill level 13 in Conjurations
 16444 | Lair:2   | Killed Harold
 16585 | Lair:2   | Found a staircase to the Swamp.
 16840 | Lair:2   | Found a hole to the Spider Nest.
 16980 | Lair:3   | Noticed a six-headed hydra
 16985 | Lair:3   | Killed a six-headed hydra
 17173 | Lair:3   | Found a runed translucent door.
 17174 | Lair:3   | Noticed BarneyGumball's ghost (journeyman OpEE)
 17276 | Lair:3   | Reached skill level 14 in Conjurations
 17549 | Lair:3   | Noticed a boulder beetle
 17579 | Lair:3   | Killed a boulder beetle
 18396 | Lair:4   | Reached XP level 13. HP: 65/76 MP: 18/27
 18666 | Lair:4   | Identified the +4 long sword of Death {drain, rN+}
 20429 | D:10     | Reached skill level 1 in Air Magic
 20693 | D:10     | Reached skill level 10 in Earth Magic
 21401 | D:10     | Identified the +4 helmet "Lixken" {Rampage +Inv rPois
                  | Int-4}
 21436 | D:10     | Identified the +1 steam dragon scales of Past Mistakes
                  | {*Corrode Str+7 Dex+2 Stlth+}
 21509 | D:10     | Got an innocuous book
 21510 | D:10     | Identified the staff of the Pill Bug {rPois rF- Dex+6 Conj}
 21873 | D:11     | Found a radiant altar of Vehumet.
 21891 | D:11     | Reached skill level 15 in Conjurations
 22367 | D:11     | Identified the +9 quarterstaff of Badouf {flame, Will+}
 22964 | D:12     | Reached ***** piety under Vehumet
 23068 | D:12     | Offered knowledge of Arcjolt by Vehumet.
 23284 | D:12     | Reached skill level 10 in Spellcasting
 23432 | D:12     | Found Ysour's Book Shop.
 23985 | D:12     | Bought a book of Dangerous Friends for 640 gold pieces
 23993 | D:12     | Learned a level 7 spell: Orb of Destruction
 24034 | D:13     | Reached XP level 14. HP: 84/84 MP: 22/30
 24490 | D:13     | Reached skill level 5 in Air Magic
 24581 | D:13     | Found a gate to the Vaults.
 24598 | D:13     | Learned a level 5 spell: Arcjolt
 25854 | Lair:5   | Entered Level 5 of the Lair of Beasts
 26349 | Lair:5   | Reached skill level 10 in Fighting
 26773 | Lair:5   | Found an opulent altar of Gozag.
 26798 | Lair:5   | Found a viscous altar of Jiyva.
 26799 | Lair:5   | Found a staircase to the Slime Pits.
 27960 | Lair:5   | Offered knowledge of Irradiate by Vehumet.
 28197 | Lair:5   | Identified the ring of Ihiv {Int+4 Dex+3 SInv}
 29614 | D:14     | Found an opulent altar of Gozag.
 29879 | D:14     | Noticed Frances
 29886 | D:14     | Killed Frances
 29968 | D:14     | Reached XP level 15. HP: 93/93 MP: 11/34
 30838 | D:15     | Entered Level 15 of the Dungeon
 32100 | D:15     | Found a staircase to the Depths.
 32168 | D:15     | Noticed Azrael
 32172 | D:15     | Killed Azrael
 32468 | Orc:1    | Killed Sonja
 32469 | Orc:1    | Killed Snorg
 32470 | Orc:1    | Reached skill level 15 in Dodging
 32623 | Orc:2    | Entered Level 2 of the Orcish Mines
 32673 | Orc:1    | Noticed Nergalle
 32677 | Orc:1    | Killed Nergalle
 32680 | Orc:1    | Offered knowledge of Fireball by Vehumet.
 32975 | Orc:1    | Found a shimmering altar of Xom.
 33465 | Orc:2    | Reached skill level 15 in Spellcasting
 33861 | Orc:2    | Found Uboaxego's Magic Scroll Shop.
 33878 | Orc:2    | Found Fuzey's General Store.
 34071 | Orc:2    | Bought a scroll of blinking for 105 gold pieces
 34073 | Orc:2    | Bought a scroll of identify for 26 gold pieces
 34087 | Orc:2    | Noticed Nessos
 34093 | Orc:2    | Killed Nessos
 34226 | Orc:2    | Found a staircase to the Elven Halls.
 35254 | Orc:2    | Reached skill level 16 in Conjurations
 35328 | Orc:2    | Found Ucyre's Jewellery Shoppe.
 35328 | Orc:2    | Found Socuu's Antique Weapon Emporium.
 35329 | Orc:2    | Found a one-way gate leading to the halls of Pandemonium.
 35337 | Orc:2    | Bought a ring of protection from fire for 375 gold pieces
 35337 | Orc:2    | Bought a ring of positive energy for 300 gold pieces
 35510 | Spider:1 | Entered Level 1 of the Spider Nest
 36491 | Spider:1 | You fall into a shaft and drop 1 floor!
 36493 | Spider:2 | Offered knowledge of Freezing Cloud by Vehumet.
 36499 | Spider:2 | Reached XP level 16. HP: 65/103 MP: 18/37
 36640 | Spider:2 | Reached skill level 17 in Conjurations
 38220 | Spider:2 | Reached skill level 18 in Conjurations
 39090 | Spider:2 | Identified a scroll of acquirement
 39135 | Spider:2 | Acquired the +4 kite shield of Hairiness {rF- rC+ Will++
                  | Int+2 Dex+3}
 40098 | Spider:3 | Reached skill level 5 in Shields
 40314 | Spider:3 | Reached skill level 19 in Conjurations
 40426 | Spider:3 | Reached ****** piety under Vehumet
 40428 | Spider:3 | Reached skill level 1 in Transmutations
 40837 | Spider:4 | Entered Level 4 of the Spider Nest
 40975 | Spider:4 | Found a frozen archway.
 41174 | Spider:4 | Offered knowledge of Eringya's Noxious Bog by Vehumet.
 41577 | Spider:4 | Reached XP level 17. HP: 108/108 MP: 26/38
 42298 | Spider:4 | Reached skill level 5 in Transmutations
 42305 | Spider:4 | Learned a level 5 spell: Yara's Violent Unravelling
 42494 | Spider:4 | Noticed Arachne
 42505 | Spider:4 | Killed Arachne
 43220 | Spider:4 | Got a gossamer rune of Zot
 43226 | Spider:4 | Identified the -2 pair of gloves of the Hurtling Gods {rN+
                  | Dex+4 SInv}
 43570 | Swamp:1  | Entered Level 1 of the Swamp
 43663 | Swamp:1  | Reached skill level 20 in Conjurations
 43953 | Swamp:1  | Offered knowledge of Starburst by Vehumet.
 45360 | Swamp:2  | Identified the +0 robe "Miworo" {-Tele rF+ Int+8 Stlth-}
 45695 | Swamp:3  | Reached skill level 10 in Shields
 46576 | Swamp:3  | Noticed witwit's ghost (adept DrSh)
 46579 | Swamp:3  | Found a runed translucent door.
 46966 | Swamp:4  | Entered Level 4 of the Swamp
 47018 | Swamp:4  | Offered knowledge of Maxwell's Capacitive Coupling by
                  | Vehumet.
 47064 | Swamp:4  | Reached XP level 18. HP: 113/113 MP: 31/39
 48779 | Swamp:4  | Noticed a bone dragon
 48808 | Swamp:4  | Killed a bone dragon
 49155 | Swamp:4  | Got a decaying rune of Zot
 49562 | Vaults:1 | Entered Level 1 of the Vaults
 50033 | Vaults:1 | Offered knowledge of Fire Storm by Vehumet.
 50033 | Vaults:1 | Offered knowledge of Shatter by Vehumet.
 50033 | Vaults:1 | Offered knowledge of Chain Lightning by Vehumet.
 50093 | Vaults:1 | Noticed Zenata
 50100 | Vaults:1 | Killed Zenata
 51047 | Vaults:1 | Found Sussauh's Magic Scroll Boutique.
 51055 | Vaults:1 | Bought a scroll of amnesia for 56 gold pieces
 51055 | Vaults:1 | Bought a scroll of revelation for 105 gold pieces
 51142 | Vaults:1 | Noticed Asterion
 51149 | Vaults:1 | Noticed Aizul
 51149 | Vaults:1 | Killed Asterion
 51677 | Vaults:1 | Found Isaoded's Jewellery Boutique.
 51681 | Vaults:1 | Bought an amulet of magic regeneration for 480 gold pieces
 51709 | Vaults:1 | Found Ceudam's Assorted Antiques.
 51728 | Vaults:1 | Noticed Norris
 51740 | Vaults:1 | Reached skill level 10 in Air Magic
 51740 | Vaults:1 | Killed Norris
 52046 | Vaults:1 | Paralysed by a formless jellyfish for 1 turns
 52156 | Vaults:1 | Killed Aizul
 52224 | Vaults:1 | Reached XP level 19. HP: 115/118 MP: 28/40
 53159 | Vaults:2 | Reached skill level 21 in Conjurations
 54730 | Vaults:3 | Found Neko's Armour Boutique.
 54779 | Vaults:3 | Identified the +1 longbow of Dim Light {drain, Str+3}
 55229 | Vaults:3 | Found a staircase to the Crypt.
 55495 | Vaults:3 | Learned a level 9 spell: Chain Lightning
 55721 | Vaults:4 | Found Uroiwn's Antique Armour Shoppe.
 56297 | Vaults:4 | Identified the +9 dire flail of Prescription {antimagic,
                  | Will- Int+7 Dex+2}
 56334 | Vaults:4 | Reached XP level 20. HP: 124/124 MP: 38/41
 57093 | Vaults:4 | Found a transporter.
 57101 | Vaults:4 | Noticed arghonaut's ghost (veteran MfMo)
 57109 | Vaults:4 | Found a transporter.
 57289 | Vaults:4 | Reached skill level 22 in Conjurations
 57555 | Depths:1 | Entered Level 1 of the Depths
 57641 | Depths:1 | Noticed Mara
 57730 | Depths:1 | Noticed BarneyGumball's illusion
 57730 | Depths:1 | Killed Mara
 57786 | Depths:1 | Found a gateway to Hell.
 58296 | Depths:1 | Reached skill level 15 in Shields
 58366 | Depths:1 | Found an ornate altar of the Wu Jian Council.
 58550 | Depths:1 | Found a one-way gate to the infinite horrors of the Abyss.
 58987 | Depths:2 | Reached skill level 15 in Air Magic
 59243 | Depths:2 | Noticed Nikola
 59250 | Depths:2 | Killed Nikola
 59942 | Depths:2 | Identified the ring of Fragile Peace {Fire rPois rN+ Str+4
                  | Slay-2}
 60087 | Depths:2 | Reached XP level 21. HP: 128/128 MP: 18/42
 60171 | Depths:2 | Found Niuleh's Book Shoppe.
 60176 | Depths:2 | Found Qunkaiti's Weapon Emporium.
 60604 | Depths:2 | Noticed a juggernaut
 60610 | Depths:2 | Killed a juggernaut
 60703 | Depths:2 | Noticed a golden dragon
 61424 | Depths:2 | Identified the +3 leather armour of Zin's Reproof {*Slow
                  | Str+5 Slay+5}
 61978 | Depths:3 | Noticed a golden dragon
 62098 | Depths:3 | Killed a golden dragon
 62316 | Depths:3 | Found a one-way gateway to a ziggurat.
 62551 | Depths:3 | Noticed a golden dragon
 62555 | Depths:3 | Killed a golden dragon
 63162 | Depths:3 | Noticed a juggernaut
 63170 | Depths:3 | Killed a juggernaut
 63367 | Depths:3 | Found a snail-covered altar of Cheibriados.
 63581 | Depths:4 | Entered Level 4 of the Depths
 63583 | Depths:4 | Noticed a juggernaut
 63592 | Depths:4 | Killed a juggernaut
 63915 | Depths:4 | Reached XP level 22. HP: 133/133 MP: 32/43
 64096 | Depths:4 | Found a hide-covered altar of Uskayaw.
 64100 | Depths:4 | Found a hide-covered altar of Uskayaw.
 64101 | Depths:4 | Found a bloodstained altar of Trog.
 64301 | Depths:4 | Reached skill level 23 in Conjurations
 64361 | Depths:4 | Found a gate to the Realm of Zot.
 64517 | Depths:4 | Noticed a juggernaut
 64524 | Depths:4 | Killed a juggernaut
 64865 | Depths:4 | Noticed a juggernaut
 64869 | Depths:4 | Killed a juggernaut
 65152 | Depths:4 | Noticed a golden dragon
 65155 | Depths:4 | Killed a golden dragon
 65365 | Depths:4 | Noticed a juggernaut
 65379 | Depths:4 | Killed a juggernaut
 65432 | Depths:4 | Noticed a golden dragon
 65468 | Depths:4 | Killed a golden dragon
 65562 | Depths:4 | Paralysed by a floating eye for 2 turns
 65670 | Depths:4 | Noticed a golden dragon
 65671 | Depths:4 | Noticed a golden dragon
 65693 | Depths:4 | Killed a golden dragon
 65835 | Depths:4 | Killed a golden dragon
 66016 | Depths:4 | Noticed a juggernaut
 66025 | Depths:4 | Killed a juggernaut
 66026 | Depths:4 | Reached skill level 24 in Conjurations
 67405 | Orc:2    | Bought 3 scrolls of revelation for 292 gold pieces
 67405 | Orc:2    | Bought a scroll of teleportation for 39 gold pieces
 67405 | Orc:2    | Bought a scroll of revelation for 97 gold pieces
 67841 | Vaults:1 | Bought a potion of brilliance for 176 gold pieces
 67841 | Vaults:1 | Bought a scroll of fear for 176 gold pieces
 67990 | Vaults:5 | Entered Level 5 of the Vaults
 68187 | Vaults:5 | Noticed a golden dragon
 69170 | Vaults:5 | Reached XP level 23. HP: 121/136 MP: 44/44
 69195 | Vaults:5 | Identified the staff of Deformation {rElec rN+ rCorr Dex+3
                  | Necro}
 69204 | Vaults:5 | Noticed an ancient lich
 69206 | Vaults:5 | Killed an ancient lich
 69208 | Vaults:5 | Reached skill level 25 in Conjurations
 69213 | Vaults:5 | Noticed an ancient lich
 69215 | Vaults:5 | Identified the +6 mace of the Wasp {pain, rF+ Dex+3}
 69327 | Vaults:5 | Killed an ancient lich
 69699 | Vaults:5 | Noticed an ancient lich
 69701 | Vaults:5 | Killed an ancient lich
 69808 | Vaults:5 | Identified the ring "Kogh" {Wiz Contam Str-4 Int+9 Stlth+}
 70433 | Vaults:5 | Got a silver rune of Zot
 70494 | Vaults:5 | Reached skill level 1 in Shapeshifting
 71516 | Zot:1    | Entered Level 1 of the Realm of Zot
 71624 | Zot:1    | Reached skill level 5 in Shapeshifting
 71712 | Zot:1    | Identified the +0 pair of boots of Manicav {+Inv}
 73010 | Zot:2    | Reached XP level 24. HP: 145/145 MP: 39/46
 73922 | Zot:2    | Reached skill level 10 in Shapeshifting
 74943 | Zot:3    | Noticed Parghit
 74947 | Zot:3    | Killed Parghit
 75641 | Zot:3    | Identified the ring "Pat Qiri" {Ice rElec rCorr Int+3}
 75641 | Zot:3    | Noticed Josephina
 75646 | Zot:3    | Killed Josephina
 76209 | Zot:3    | Acquired the +2 pair of boots "Yjaezxan" {+Blink}
 76521 | Zot:3    | Noticed an orb of fire
 76529 | Zot:3    | Killed an orb of fire
 76903 | Zot:3    | Identified the +4 shortbow of the Crawling Thing {drain,
                  | rN+ Int+6 Dex-2}
 77612 | Zot:4    | Reached skill level 15 in Shapeshifting
 77744 | Zot:4    | Found a runed translucent gate.
 77744 | Zot:4    | Noticed Kave's ghost (legendary TrSh)
 77745 | Zot:4    | Noticed an orb of fire
 77964 | Zot:4    | Found a runed translucent gate.
 77964 | Zot:4    | Found an opulent altar of Gozag.
 77965 | Zot:4    | Found a runed translucent gate.
 79533 | Zig:1    | Entered Level 1 of a ziggurat
 79545 | Zig:2    | Entered Level 2 of a ziggurat
 79583 | Zig:3    | Entered Level 3 of a ziggurat
 79630 | Zig:4    | Entered Level 4 of a ziggurat
 79649 | Zig:5    | Entered Level 5 of a ziggurat
 79653 | Zig:5    | Reached XP level 25. HP: 150/150 MP: 46/46
 79662 | Zig:5    | Identified the ring of the Coward {Will- Str+8 Int-2 Dex+6
                  | Stlth+}
 79673 | Zig:6    | Entered Level 6 of a ziggurat
 79778 | Zig:6    | Reached skill level 1 in Fire Magic
 79795 | Zig:6    | Identified the staff "Ehenn" {Will- rCorr Dex+4 SInv Earth}
 79829 | Zig:7    | Entered Level 7 of a ziggurat
 79942 | Zig:8    | Entered Level 8 of a ziggurat
 79967 | Zig:8    | Got a clothbound book
 79973 | Zig:8    | Reached XP level 26. HP: 156/156 MP: 46/46
 79979 | Zig:9    | Entered Level 9 of a ziggurat
 79983 | Zig:9    | Noticed an ancient lich
 79986 | Zig:9    | Killed an ancient lich
 80007 | Zig:9    | Identified the staff of Extinguishment {rN+ SInv Necro}
 80020 | Zig:9    | Identified the staff "Vyluyfoh" {rPois rCorr Str+3 Earth}
 80045 | Zig:10   | Entered Level 10 of a ziggurat
 80089 | Zig:10   | Identified the +2 falchion of Lyaf {heavy, Contam MP+9
                  | Str+3}
 80090 | Zig:10   | Identified the +8 dagger "Kemauj" {freeze, Drain rF+++
                  | Str+6 Int-5}
 80096 | Zig:10   | Got a parchment book
 80112 | Zig:10   | Got a moth-eaten book
 80124 | Zig:11   | Entered Level 11 of a ziggurat
 80391 | Zig:11   | Identified the +1 dagger "Qegux" {flame, rF+ Int+2}
 80396 | Zig:11   | Identified the +9 war axe of Demonkind {protect, rElec rF-
                  | Will++ rCorr}
 80423 | Zig:12   | Entered Level 12 of a ziggurat
 80443 | Zig:12   | Found the +3 Elemental Staff {ele, rElec rF+ rC+ AC+3}
 80459 | Zig:12   | Identified the staff of the Special Tales {Stlth+ Earth}
 80461 | Zig:12   | Got a resplendent book
 80473 | Zig:12   | Got an embossed book
 80476 | Zig:12   | Identified the +3 ring mail of the Ward {rF+ rN+}
 80516 | Zig:13   | Entered Level 13 of a ziggurat
 80520 | Zig:13   | Paralysed by an air elemental for 1 turns
 80525 | Zig:13   | Reached skill level 10 in Fire Magic
 80570 | Zig:13   | Identified the +2 pair of gloves "Rousiudi" {rN++ Dex-4
                  | Slay+5}
 80587 | Zig:13   | Got a whispering book
 80590 | Zig:13   | Identified the +9 battleaxe "Riasull" {flame, Fly rC+
                  | Dex+3}
 80595 | Zig:13   | Identified the amulet "Vayropis" {rC+ Will++ Regen+}
 80636 | Zig:14   | Entered Level 14 of a ziggurat
 80652 | Zig:14   | Noticed Nidd the pandemonium lord
 80654 | Zig:14   | Killed Nidd the pandemonium lord
 80736 | Zig:14   | Got an odd book
 80749 | Zig:14   | Identified the +4 sling "Durexygu" {flame, rN++ Will- Str+8
                  | Int+3}
 80763 | Zig:14   | Identified the +0 morningstar of Excruciating Pain {freeze,
                  | rPois Will- Int+3 Dex+4}
 80765 | Zig:14   | Identified the +3 leather armour of Nihilism {Harm rF+ rC-}
 80810 | Zig:15   | Entered Level 15 of a ziggurat
 80830 | Zig:15   | Found the +4 consecrated labrys {holy, Valiant Fragile Fly
                  | SInv}
 80839 | Zig:15   | Found the +8 longbow "Zephyr" {speed, Dex+3 SInv}
 80859 | Zig:15   | Identified the +1 scale mail of the Jolly Shrikes {rF+
                  | rCorr Str-3 Int+3}
 80865 | Zig:15   | Identified the +6 chain mail of Pymewk {rF+}
 80927 | Zig:16   | Entered Level 16 of a ziggurat
 80951 | Zig:16   | Reached XP level 27. HP: 108/160 MP: 28/47
 81114 | Zig:16   | Found the +3 greatsling "Punk" {acid, rCorr}
 81114 | Zig:16   | Found the -2 hat of the Alchemist {rElec rPois rF+ rC+ rN+
                  | Will+ rMut rCorr}
 81122 | Zig:16   | Identified the +2 pair of boots "Luonukk" {+Blink Str+2
                  | Int-4 SInv}
 81125 | Zig:16   | Got a shiny book
 81132 | Zig:16   | Identified the +5 leather armour "Wealej" {Str+4}
 81145 | Zig:16   | Learned a level 8 spell: Ignition
 81150 | Zig:16   | Identified the ring of the Firefly {Wiz rN+ Int+3}
 81179 | Zig:17   | Entered Level 17 of a ziggurat
 81342 | Zig:17   | Identified the staff of Flawed Execution {rC+ rCorr Dex+2
                  | Ice}
 81345 | Zig:17   | Identified the +10 battleaxe "Luicy" {venom, rPois Str+7
                  | Int-4 Dex-2}
 81358 | Zig:17   | Identified the staff of the Conjuring Gods {rCorr Earth}
 81361 | Zig:17   | Identified the +9 great sword of the Howling Scavenger
                  | {heavy, *Corrode rElec rC+}
 81430 | Zig:18   | Entered Level 18 of a ziggurat
 81447 | Zig:18   | Reached skill level 15 in Fire Magic
 81577 | Zig:18   | Found the +6 lightning scales {swift, rElec}
 81583 | Zig:18   | Identified the amulet "Gayj" {Regen+ Str+7 Slay-2}
 81585 | Zig:18   | Identified the +6 chain mail of Bad Feelings {rElec Stlth+}
 81604 | Zig:18   | Identified the staff of Putrescence {rN+ Dex+2 Stlth+
                  | Necro}
 81673 | Zig:19   | Entered Level 19 of a ziggurat
 81693 | Zig:19   | Noticed an ancient lich
 81695 | Zig:19   | Killed an ancient lich
 81828 | Zig:19   | Identified the ring "Edeweff" {rF+ Str+3 Int+3}
 81833 | Zig:19   | Identified the staff "Zofa" {rPois Str-5 Int+5 SInv Poison}
 81852 | Zig:19   | Identified the +1 leather armour of Courage {rF+ Will+}
 81857 | Zig:19   | Identified the +3 sling of Imminent Death {drain, rElec}
 81871 | Zig:20   | Entered Level 20 of a ziggurat
 81890 | Zig:20   | Noticed an ancient lich
 81894 | Zig:20   | Killed an ancient lich
 82061 | Zig:20   | Found the +7 mace of Variability {chaos, chaos arc}
 82071 | Zig:20   | Identified the ring "Keniufag" {rElec rPois Slay+2}
 82098 | Zig:20   | Identified the +7 glaive of Woenlioc {flame, Will+ Str-3
                  | SInv Stlth+}
 82180 | Zig:21   | Entered Level 21 of a ziggurat
 82337 | Zig:21   | Identified the ring of Dusenk {rF+ EV+5 Str+2 SInv Stlth+}
 82343 | Zig:21   | Identified the ring of Zoites {Int+6 Dex+5}
 82345 | Zig:21   | Got an innocuous book
 82347 | Zig:21   | Got a glossy book
 82350 | Zig:21   | Identified the +7 spear of Havoc {freeze, rElec rF- rN+
                  | Int+4}
 82424 | Zig:22   | Entered Level 22 of a ziggurat
 82436 | Zig:22   | Noticed Omaoll the pandemonium lord
 82445 | Zig:22   | Killed Omaoll the pandemonium lord
 82456 | Zig:22   | HP: 7/208 [Brimstone Fiend/damnation (28)]
 82464 | Zig:22   | Killed from afar by a hellion

Illustrated notes

Levels and vault maps discovered:
D:1:      lightli_arrival_maybe_door_vault, layout_loops_ring,
          minmay_pentomino_x4
D:2:      layout_basic, uniq_jessica
D:3:      layout_rooms
D:4:      minmay_opposing_rooms, layout_gridville,
          worldfamousw_hep_ancestral_shrine, minmay_mini_ossuary
D:5:      layout_loops_corners, chequers_serial_rivers_micro_a,
          grunt_ministairs_1
D:6:      layout_basic, minmay_temple_entry_statues_fountains
D:7:      layout_cave_pools, kennysheep_orc_sif_temple,
          mainiacjoe_overflow_catch_the_wave, serial_bayou_lagoon_b
D:8:      layout_basic, mainiacjoe_overflow_surrounded_room,
          nicolae_qazlal_style_of_elements, lemuel_round_altar, enter_bailey_3,
          serial_shops, nicolae_shop_waterfront, uniq_joseph,
          uniq_prince_ribbit1, uniq_pikel, uniq_maurice, uniq_psyche
D:9:      layout_gridville, hiddenorc1_lemuel, serial_shops, shop
D:10:     minmay_the_grid_triangle_9x9_recursive_2
          [minmay_the_grid_triangle_9x9_prize_insulated,
          minmay_the_grid_triangle_9x9_skeleton,
          minmay_the_grid_triangle_9x9_negative_grid,
          minmay_the_grid_triangle_9x9_thin_v], layout_cave_pools,
          lair_entry_dummy
D:11:     layout_loops_ring, chequers_mini_garden, minmay_liquid_box,
          chequers_serial_rivers_micro_a, vehumet_crystals
D:12:     layout_loops_cross, serial_shops, nicolae_shop_statue_plus
D:13:     layout_long_grid, david_vaults_4, nicolae_elevator_lobby_asterisk
D:14:     layout_basic, serial_bayou_pond_a, grunt_gozag_statues, uniq_frances
D:15:     grunt_enter_depths_magical_seal, layout_rooms, nicolae_hexahallways,
          uniq_azrael
Temple:   hellmonk_temple_of_storms
Lair:1:   layout_cave_pods, beast_lair_carwin_4, grunt_megastairs_5,
          uniq_amaemon, uniq_fannar
Lair:2:   layout_cave_shapes, swamp_mist_pool, spider_nest_entry_rubble,
          gauntlet_entry_generic, uniq_harold
Lair:3:   layout_gridlike, gammafunk_ghost_grave,
          nicolae_volcano_entry_lava_flow, nzn_sisyphean_effort
Lair:4:   layout_layer_cave
Lair:5:   grunt_lair_end_beastmaster, layout_regular_city,
          dpeg_slime_entry_corner, lemuel_centaur_altar, grunt_megastairs_4,
          infiniplex_staircase_pool
Swamp:1:  layout_basic_swamp, nicolae_swamp_round_clearing, swamp_pool1,
          nicolae_swamp_vermiculated
Swamp:2:  layout_basic_swamp, serial_swamp_ruin, evilmike_swamp_ruin_house_6,
          evilmike_swamp_ruin_rubble_2, evilmike_swamp_ruin_house_1,
          nicolae_swamp_some_circles
Swamp:3:  layout_basic_swamp, hellmonk_ghost_happy_afterlife,
          evilmike_swamp_ruin_house_2, swamp_pool4, infiniplex_staircase_pool_2
Swamp:4:  swamp_pestilence, layout_basic_swamp
Spider:1: layout_spider_delve
Spider:2: layout_spider_delve
Spider:3: layout_cave_pods
Spider:4: grunt_spider_rune_parallel, portal_ice_cave_entry_ice_simulacra,
          uniq_arachne
Orc:1:    layout_caves, basic_altar, uniq_sonja, uniq_nergalle, uniq_snorg
Orc:2:    pf_orc_diabolical, layout_diamond_mine, uniq_nessos
Vaults:1: ontoclasm_vaults_misaligned, dpeg_vaults_hating_casters,
          nicolae_vaults_mini_display_case, nicolae_vaults_network_barrier,
          nicolae_vaults_network_quinsquares
          [nicolae_vaults_network_quincunx_subvault,
          nicolae_vaults_network_quincunx_subvault,
          nicolae_vaults_network_quincunx_subvault,
          nicolae_vaults_network_quincunx_subvault],
          nicolae_vaults_windows_and_doors_thing,
          ontoclasm_vaults_loading_screen, nicolae_vaults_stepped_doors,
          nicolae_vaults_network_s, v_misc_22, nicolae_vaults_trapezoid_4,
          vaults_room_grid, layout_vaults_omnicross, serial_shops, shop_statue,
          shop, shop, uniq_aizul, uniq_zenata, uniq_norris, uniq_asterion
Vaults:2: hangedman_vaults_snaps, nicolae_vaults_little_squares_1,
          nicolae_vaults_big_angled_halls, v_misc_5, v_misc_29,
          ontoclasm_vaults_shuriken, v_misc_30, vaults_room_large_hall,
          grunt_vaults_hallway_short, vaults_dpeg_emergency_exit,
          nicolae_vaults_mush_room, vaults_room_pool, hangedman_vaults_cutoff,
          v_misc_25, layout_vaults_omnibox
Vaults:3: v_misc_26, minmay_crypt_entry_simple_sparse,
          nicolae_vaults_double_plus_3, ontoclasm_vaults_gateway,
          layout_vaults_omnigrid, serial_shops, nicolae_shop_getting_attention
Vaults:4: gammafunk_ghost_arena, v_alt_pattern_6,
          nicolae_vaults_disjoint_gnomons, grunt_vaults_twisty,
          nicolae_vaults_stand_back, v_misc_9, v_misc_18,
          ontoclasm_vaults_misaligned, v_misc_26,
          nicolae_vaults_little_squares_1, nicolae_vaults_trapezoid_layered,
          nicolae_vaults_double_plus_1, nicolae_vaults_tetromino_T_2,
          layout_vaults_maze_snakey, serial_shops, nicolae_shop_tiny_glass
Vaults:5
Depths:1: layout_gridlike, minmay_room_of_horrors, hell_entry,
          nzn_wu_jian_contemplation, grunt_megastairs_2, serial_bayou_shore_b,
          uniq_mara
Depths:2: minmay_tile_spiral, layout_gridlike, hell_entry,
          rand_demon_pan_entry_7, dreamdust_wishing_well,
          fake_guardian_serpent_vault, serial_bayou_shore_a, minmay_shoptagon,
          uniq_nikola
Depths:3: pf_snail_temple, layout_cave_shapes, enter_ziggurat_a, abyss_entry,
          grunt_hell_entry_dis_mu, nicolae_concentric_dashed_squares_mild
Depths:4: hangedman_slaughterboxes, hell_entry
Zot:1:    layout_twisted_circle, grunt_megastairs_1
Zot:2:    layout_basic, st_stairs_2
Zot:3:    layout_cathedral_of_symmetry, uniq_josephina, uniq_parghit
Zot:4:    layout_gridlike, ebering_ghost_gozag
Zig:22:   ziggurat_pillar_centre_smoke, ziggurat_pillar_centre_smoke,
          ziggurat_pillar_centre_smoke, ziggurat_pillar_centre_smoke

Skill      XL: |  1  2  3  4  5  6  7  8  9 10 11 12 13 14 15 16 17 18 19 20 21 22 23 24 25 26 27 |
---------------+----------------------------------------------------------------------------------+-----
Translocations | 1 2 3 4 5 |  5.0
Conjurations   | 5 6 7 8 10 12 14 15 16 19 20 21 22 24 25 | 25.0
Shields        | 2 3 4 6 10 12 14 15 | 15.0
Fighting       | 3 4 7 8 10 12 13 | 13.1
Dodging        | 5 9 10 11 14 15 | 15.1
Hexes          | 5 6 |  6.0
Spellcasting   | 8 10 13 15 17 18 22 | 22.0
Throwing       | 4 |  4.0
Evocations     | 5 8 |  8.0
Earth Magic    | 3 9 10 | 10.2
Air Magic      | 4 5 6 10 12 16 19 21 22 | 22.0
Transmutations | 4 5 |  5.0
Shapeshifting  | 7 15 16 18 21 | 21.2
Fire Magic     | 6 12 19 | 19.6
Stealth        | |  2.4

Action                     |  1- 3 |  4- 6 |  7- 9 | 10-12 | 13-15 | 16-18 | 19-21 | 22-24 | 25-27 || total
---------------------------+-------+-------+-------+-------+-------+-------+-------+-------+-------++-------
  Melee: Staff             |       |       |     6 |    45 |    45 |    42 |     9 |     2 |    16 ||   165
  Throw: Dart              |       |       |       |     2 |     1 |       |       |       |       ||     3
         Throwing net      |       |       |       |     1 |       |       |       |       |       ||     1
   Cast: Magic Dart        |    73 |    66 |    90 |   120 |     6 |       |       |       |       ||   355
         Searing Ray       |     2 |    21 |    64 |    53 |    12 |       |       |       |       ||   152
         Iskenderun's Myst |       |       |    12 |    58 |    74 |    97 |   120 |    40 |    11 ||   412
         Fulminant Prism   |       |       |    10 |   113 |    43 |    48 |    47 |     3 |       ||   264
         Blink             |       |       |       |     1 |     1 |     2 |     1 |     1 |       ||     6
         Bombard           |       |       |       |    26 |   134 |    72 |   235 |   276 |     6 ||   749
         Airstrike         |       |       |       |     3 |       |       |       |       |       ||     3
         Orb of Destructio |       |       |       |       |   224 |   423 |   347 |   148 |     9 ||  1151
         Yara's Violent Un |       |       |       |       |       |     1 |     4 |     1 |       ||     6
         Arcjolt           |       |       |       |       |       |     1 |       |       |       ||     1
         Chain Lightning   |       |       |       |       |       |       |       |   196 |   140 ||   336
         Ignition          |       |       |       |       |       |       |       |       |     3 ||     3
  Evoke: Wand              |       |       |       |     3 |     2 |       |       |       |       ||     5
         Lightning rod     |       |       |       |       |       |     4 |       |       |       ||     4
         Phantom mirror    |       |       |       |       |       |       |     1 |       |       ||     1
    Use: Scroll            |       |       |     7 |    12 |    14 |    16 |     4 |     4 |    11 ||    68
         Potion            |       |       |       |     2 |     3 |     2 |     3 |    21 |    22 ||    53
   Stab: Distracted        |       |       |       |       |       |       |       |       |     1 ||     1
 Armour: Robe              |     5 |    10 |    47 |    84 |    22 |       |       |       |       ||   168
         Steam dragon scal |       |       |       |       |    70 |    85 |    67 |   123 |       ||   345
         Skin              |       |       |       |       |       |       |       |     6 |   149 ||   155
  Dodge: Dodged            |     7 |     8 |    36 |    86 |   118 |   104 |    98 |    98 |    64 ||   619
         Repelled          |       |       |       |       |       |     9 |     7 |    14 |     4 ||    34
  Block: Buckler           |       |     7 |     3 |    75 |    43 |     6 |       |       |       ||   134
         Reflection        |       |     2 |     3 |    10 |     2 |       |       |       |       ||    17
         Other             |       |       |     8 |     5 |       |       |       |       |       ||    13
         Kite shield       |       |       |       |       |       |    91 |    90 |    67 |    60 ||   308
   Form: Statue            |       |       |       |       |       |       |       |     2 |       ||     2
                           |       |       |       |       |       |       |       |     1 |       ||     1

Table legend: (Time is in decaauts)
 A = Elapsed time spent in this place.
 B = Non-inter-level travel time spent in this place.
 C = Inter-level travel time spent in this place.
 D = Time resting spent in this place.
 E = Time spent auto-exploring this place.
 F = Levels seen in this place.
 G = Mean time per level.
                   A        B        C        D        E       F      G
               +--------+--------+--------+--------+--------+-----+--------+
         Total |  84535 |  77762 |   6773 |  22626 |  40201 |  66 | 1280.8 |
       Dungeon |  23408 |  21061 |   2347 |   3910 |  13895 |  15 | 1560.5 |
        Temple |      1 |      1 |      0 |      0 |      0 |   1 |    1.0 |
          Lair |  11399 |  10642 |    757 |   3720 |   5187 |   5 | 2279.8 |
         Swamp |   6054 |   5873 |    181 |   1603 |   3356 |   4 | 1513.5 |
   Spider Nest |   7891 |   7301 |    590 |   2894 |   2934 |   4 | 1972.8 |
  Orcish Mines |   3062 |   2869 |    193 |   1294 |    795 |   2 | 1531.0 |
        Vaults |  11143 |   9671 |   1472 |   2835 |   4681 |   5 | 2228.6 |
        Depths |   9862 |   8882 |    980 |   3325 |   3333 |   4 | 2465.5 |
           Zot |   7291 |   7041 |    250 |   2169 |   4034 |   4 | 1822.8 |
      Ziggurat |   4420 |   4420 |      0 |    876 |   1984 |  22 |  200.9 |
               +--------+--------+--------+--------+--------+-----+--------+

Top non-repeatable levels by time:
Vaults:1: 3522 daAuts
Depths:4: 3468 daAuts
Depths:2: 2992 daAuts
  Lair:1: 2827 daAuts
    D:13: 2810 daAuts
  Lair:5: 2686 daAuts
Spider:4: 2556 daAuts
Vaults:4: 2357 daAuts
     D:9: 2337 daAuts
   Zot:2: 2325 daAuts
Spider:2: 2251 daAuts
  Lair:4: 2169 daAuts
     D:5: 2133 daAuts
   Orc:2: 2114 daAuts
  Lair:3: 2109 daAuts
